Cogmind - Beta 16.1 @@@ ROGUE MODE // 2026.04.04 @ 11:02:40 Player: FALKE Result: Destroyed by G-47 Trooper with Particle Gun Performance ------------- Evolutions (0) 0 Regions Visited (1) 200 Robots Destroyed (24) 120 Value Destroyed (257) 257 Prototype IDs (0) 0 Alien Tech Used (0) 0 Bonus (0) 0 TOTAL SCORE: 577 Bonus ------- None Cogmind --------- Core Integrity 0/250 Matter 283/300 Energy 100/100 System Corruption 1% Temperature Cool (9) Movement Treading (240) Ox1 Location -10/Materials Parts ------- > --- POWER (1) -------- Backup Power I > --- PROPULSION (2) --- Light Treads > --- UTILITY (2) ------ Large Storage Unit Improved Terrain Scanner > --- WEAPON (2) ------- Assault Rifle Mining Laser > --- INVENTORY (15) --- Light Ion Engine Small Storage Unit Small Matter Pod (50) Tractor Beam Light Assault Rifle Light Assault Rifle Peak State ------------ > --- POWER ------------ Light Ion Engine > --- PROPULSION ------- Aluminum Leg Aluminum Leg > --- UTILITY ---------- Small Storage Unit Improved Terrain Scanner > --- WEAPON ----------- Assault Rifle Light Assault Rifle > --- INVENTORY -------- Light Ion Engine Light Treads Small Matter Pod Tractor Beam Assault Rifle [Rating: 9] Favorites ----------- Power Light Ion Engine Engine Light Ion Engine Propulsion Aluminum Leg Treads Light Treads Leg Aluminum Leg Utility Improved Terrain Scanner Device Improved Terrain Scanner Storage Small Storage Unit Weapon Assault Rifle Ballistic Gun Assault Rifle Special Weapon Mining Laser Build | -11 -10 ------- Run | Yrd Mat Slots Evolved . | . . Power . | . . Propulsion . | . . Utility . | . . Weapon . | . . Parts Attached 14 | 9 5 Power 1 | 1 . Engine 1 | 1 . Core . | . . Reactor . | . . Propulsion 4 | 2 2 Treads 1 | . 1 Leg 3 | 2 1 Wheel . | . . Hover . | . . Flight . | . . Utility 4 | 3 1 Device 2 | 2 . Storage 2 | 1 1 Processor . | . . Hackware . | . . Protection . | . . Artifact . | . . Weapon 5 | 3 2 Energy Gun . | . . Energy Cannon . | . . Ballistic Gun 3 | 2 1 Ballistic Cannon . | . . Launcher . | . . Special Weapon 2 | 1 1 Impact Weapon . | . . Slashing Weapon . | . . Piercing Weapon . | . . Special Melee Weapon . | . . Unidentified Prototypes . | . . Parts Lost 4 | . 4 Power 1 | . 1 Propulsion 1 | . 1 Utility . | . . Weapon 2 | . 2 Highest Loss Streak 3 | . 3 To Critical Strikes . | . . Average Backups 5 | 5 6 Power . | . 1 Propulsion . | . . Utility 1 | 1 2 Weapon 2 | 1 2 Tool/Special . | . . Unused Backups 3 | . 3 Power 1 | . 1 Propulsion . | . . Utility 1 | . 1 Weapon 1 | . 1 Tool/Special . | . . Average Slot Usage (%) 91 | . 91 Engine 13 | . 13 Treads 5 | . 5 Leg 16 | . 16 Device 14 | . 14 Storage 14 | . 14 Ballistic Gun 16 | . 16 Special Weapon 10 | . 10 Peak Build Rating 9 | 9 9 Average Rating 8 | 8 8 On Entrance 4 | . 9 Avg Prop Armor Cover (%) . | . . Naked Turns . | . . Heaviest Build 25 | 12 25 Greatest Support 20 | 20 20 Greatest Overweight (x) 1 | . 1 Average Overweight (x) . | . . Largest Inventory Capacity 15 | 8 15 Average Capacity 9 | 7 10 Most Carried 7 | 7 7 Average Carried 5 | 5 6 Final Capacity 15 | 8 15 Final Carried 7 | 7 6 Class Distribution -------------------- 100% | Mutant Dominant Class ---------------- Mutant | -10/Materials Resources | -11 -10 ----------- Run | Yrd Mat Matter Collected 637 | 440 197 Remotely 146 | 146 . Salvage Created 552 | 232 320 Parts 46 | 25 21 Haulers Intercepted . | . . Recyclers Shooed . | . . Parts Field Recycled . | . . Retrieved Matter . | . . Parts Self-Destructed . | . . Prevented . | . . Parts Restored . | . . Kills | -11 -10 ------- Run | Yrd Mat Combat Hostiles Destroyed 8 | . 8 Guns 8 | . 8 Classes Destroyed 7 | 3 4 Worker 4 | 4 . Builder 1 | . 1 Tunneler 7 | 7 . Recycler 3 | 1 2 Watcher 1 | . 1 Swarmer 5 | . 5 Grunt 3 | . 3 Best Kill Streak 6 | 3 6 Combat Bots Only 6 | . 6 Max Kills in Single Turn 1 | 1 1 Gunslinging . | . . Exploded . | . . Melee . | . . Uniques/NPCs Destroyed . | . . Combat | -11 -10 -------- Run | Yrd Mat Hostile Shots Fired 83 | . 83 Missed 22 | . 22 Hits 61 | . 61 Projectile 61 | . 61 Critical Strikes 1 | . 1 Damage Taken 886 | . 886 Core 250 | . 250 Absorbed by Shields . | . . Regen/Repaired (Parts) 93 | . 93 Core Remaining (%) 100 | 100 . Volleys Fired 83 | 40 43 Largest 2 | 2 2 Hottest 120 | 120 120 Shots Fired 139 | 67 72 Gun 108 | 55 53 Cannon . | . . Launcher . | . . Special 31 | 12 19 Kinetic 108 | 55 53 Thermal 31 | 12 19 Explosive . | . . Electromagnetic . | . . Robot Hit Streak 6 | 6 4 Robot Miss Streak 5 | 5 4 Penetration Max . | . . Secondary Targets . | . . Shots Hit Robots 63 | 31 32 Core Hits 33 | 17 16 Critical Kills . | . . Critical Parts Destroyed . | . . Critical Strikes . | . . Melee Attacks . | . . Impact . | . . Slashing . | . . Piercing . | . . Sneak Attacks . | . . Combat Hostiles . | . . Follow-up Attacks . | . . Damage Inflicted 894 | 409 485 Guns 654 | 289 365 Cannons . | . . Explosions . | . . Melee . | . . Ramming . | . . Kinetic 654 | 289 365 Thermal 240 | 120 120 Explosive . | . . Electromagnetic . | . . Impact . | . . Slashing . | . . Piercing . | . . Highest Corruption 1 | . 1 Average Corruption 1 | . 1 Corruption Purged . | . . Corruption Blocked . | . . Effects 4 | . 4 Message Errors 1 | . 1 Energy Discharges 2 | . 2 Data Loss (major) 1 | . 1 Overload Shots . | . . Overflow Damage 9 | . 9 Projectiles 9 | . 9 Explosions . | . . Melee . | . . Knockbacks . | . . Impact . | . . Kinetic . | . . Secondary . | . . Self-Inflicted Damage . | . . Shots . | . . Rammed . | . . Targets Rammed . | . . Kicked . | . . Crushed . | . . Highest Temperature 102 | 40 102 Average Temperature 22 | 12 28 Received Heat Transfer 315 | . 315 Siege Activations . | . . Martial Activations . | . . Shielding Activations . | . . Robots Disrupted . | . . Combat Hostiles . | . . Robots Corrupted . | . . Combat Hostiles . | . . Parts Fried . | . . Impact Corruptions . | . . Robots Melted . | . . Combat Hostiles . | . . Parts Melted . | . . Heat Transferred 500 | 250 250 Parts Sabotaged . | . . Parts Stolen . | . . Parts Stripped . | . . Power Chain Reactions . | . . Alert | -11 -10 ------- Run | Yrd Mat Maximum Alert Level . | . . Low Security (%) 100 | 100 100 Level 1 . | . . Level 2 . | . . Level 3 . | . . Level 4 . | . . Level 5 . | . . High Security . | . . Max Security . | . . Peak Influence 122 | 10 122 Initial . | . . Average 26 | 1 45 Influence Increases 288 | 60 228 Destroy 0b10 Robot/C 160 | . 160 Destroy 0b10 Robot/NC 80 | 60 20 Destroy Leader 32 | . 32 Successful Hack 10 | . 10 Destroy Structure 6 | . 6 Influence Decreases 253 | 60 193 Time Decay 243 | 60 183 Lost Part 10 | . 10 Squads Dispatched 2 | . 2 Investigation 1 | . 1 Extermination . | . . Reinforcement 1 | . 1 Assault . | . . Garrison . | . . Intercept . | . . Searches Triggered . | . . Construction Impeded . | . . Haulers Reinforced . | . . Active Scanning Responses . | . . Cargo Convoy Interrupts . | . . Stealth | -11 -10 --------- Run | Yrd Mat Distress Signals . | . . Communications Jammed . | . . Distress Signals . | . . Times Spotted 16 | . 16 Peak Tracking Total 7 | . 7 Tactical Retreats . | . . Traps | -11 -10 ------- Run | Yrd Mat Traps Triggered . | . . Indirectly . | . . Trap Hack Attempts . | . . Triggered . | . . Disarmed . | . . Reprogrammed . | . . Reused . | . . Traps Extracted . | . . Installed . | . . Triggered . | . . Machines | -11 -10 ---------- Run | Yrd Mat Machines Disabled . | . . Max in Single Turn . | . . Machines Repaired . | . . Machines Dismantled . | . . Machines Sabotaged . | . . Overloaded Fab Kills . | . . Hacking | -11 -10 --------- Run | Yrd Mat Machines Accessed 2 | . 2 Terminals 1 | . 1 Fabricators . | . . Repair Stations 1 | . 1 Recycling Units . | . . Scanalyzers . | . . Garrison Access . | . . Total Hacks 9 | . 9 Successful 6 | . 6 Failed 3 | . 3 Catastrophic . | . . Database Lockouts . | . . Manual . | . . Terminals 3 | . 3 Fabricators . | . . Repair Stations 6 | . 6 Recycling Units . | . . Scanalyzers . | . . Garrison Access . | . . Terminal Hacks 2 | . 2 Record 1 | . 1 Locate Traps 1 | . 1 Fabricator Hacks . | . . Repair Station Hacks 4 | . 4 Scan Component 2 | . 2 Repair 1 | . 1 Refit 1 | . 1 Recycling Unit Hacks . | . . Scanalyzer . | . . Garrison Access Hacks . | . . Unauthorized Hacks . | . . Terminals . | . . Fabricators . | . . Repair Stations . | . . Recycling Units . | . . Scanalyzers . | . . Garrison Access . | . . Data Cores Recovered . | . . Used . | . . Hacking Detections 2 | . 2 Full Trace Events 1 | . 1 Feedback Events . | . . Feedback Blocked . | . . Robot Schematics Acquired . | . . Robots Built . | . . Authchips . | . . Time . | . . Total Robot Build Rating . | . . Part Schematics Acquired . | . . Parts Built . | . . Authchips . | . . Time . | . . Total Part Build Rating . | . . Part Studies Acquired . | . . Parts Repaired 1 | . 1 Time 26 | . 26 Parts Recycled . | . . Recycled Matter . | . . Retrieved Matter . | . . Retrieved Components . | . . Parts Scanalyzed . | . . Part Schematics Acquired . | . . Parts Damaged . | . . Bothacking | -11 -10 ------------ Run | Yrd Mat Used RIF Installer . | . . Robots Hacked . | . . Non-combat . | . . Combat . | . . Robot Hacks Applied . | . . Relay Couplers Released . | . . Fabnet Peak Effective % . | . . Robots Rewired . | . . Allies Hacked . | . . Hacks Repelled . | . . Allies | -11 -10 -------- Run | Yrd Mat Total Allies . | . . Largest Group . | . . Highest-Rated Group . | . . Highest-Rated Ally . | . . Total Orders . | . . Ally Attacks . | . . Total Damage . | . . Kills . | . . Allies Corrupted . | . . Allies Melted . | . . Intel | -11 -10 ------- Run | Yrd Mat Active Infowar (turns) 1060 | 386 674 Terrain 1060 | 386 674 Robot Analysis Total . | . . Derelict Logs Recovered . | . . Drone Launches . | . . Drone Recoveries . | . . Exploration | -11 -10 ------------- Run | Yrd Mat Turns Passed 1208 | 534 674 Spaces Moved 418 | 267 151 Core 14 | 14 . Treads 72 | . 72 Legs 332 | 253 79 Wheels . | . . Hover . | . . Flight . | . . Fastest Speed 50 | 50 120 Average Speed 139 | 116 179 Slowest Speed 240 | 120 240 Overloaded Moves . | . . Propulsion Burnouts . | . . Robots Hopped . | . . Potential Cave-ins . | . . Cave-ins Triggered 1 | . 1 Exploration Rate (%) 10 | 8 12 Regions Visited 1 Branch Regions . Pre-discovered Areas . | . . Known Exits Taken . | . . Unknown Exits Taken 1 | 1 . Scrap Searched . | . . Spaces Dug 4 | 1 3 Terrain Destroyed 12 | 5 7 Melee . | . . Projectile 12 | 5 7 AOE . | . . Terrain Rammed . | . . Walls Destroyed . | . . Machines Disabled . | . . Actions | -11 -10 --------- Run | Yrd Mat Total 848 | 403 445 Wait 313 | 74 239 Move 417 | 266 151 Hop . | . . Pick Up 18 | 14 4 Fast Attach . | . . Attach 11 | 7 4 Detach . | . . Swap 4 | 2 2 Drop 2 | . 2 Fire 83 | 40 43 Melee . | . . Ram . | . . Kick . | . . Crush . | . . Escape Stasis . | . . Rewire . | . . Trap . | . . Miscellaneous . | . . Route ------- -11/Scrapyard -10/Materials History --------- Turn | Location | Event 6 | -11/Scrapyard | Discovered new exit (range 15) 535 | -11/Scrapyard | Entered Materials 536 | -10/Materials | Build established: Mutant 747 | -10/Materials | Crushed by falling debris 765 | -10/Materials | Core integrity fell below 50% 796 | -10/Materials | Lost 3 parts (1p1n1w) 826 | -10/Materials | Repaired Assault Rifle 914 | -10/Materials | Core integrity fell below 20% 1209 | -10/Materials | Destroyed by G-47 Trooper with Particle Gun Last Messages --------------- 00986_ U-05 Engineer destroyed. 00991_ Acquired 1 matter. 00999_ Acquired 16 matter. 01005_ System corrupted: Energy discharge (-25). 01056_ W-16 Scout destroyed. 01059_ K-01 Serf collects debris. 01061_ Acquired 11 matter. 01062_ U-05 Engineer builds a Wall. 01063_ K-01 Serf collects debris. 01064_ R-06 Scavenger collects Hover Unit. 01069_ R-06 Scavenger destroyed. 01074_ Acquired 54 matter. 01089_ U-05 Engineer builds a Wall. 01152_ R-06 Scavenger collects Aluminum Leg. 01155_ K-01 Serf collects debris. 01158_ K-01 Serf cleans the Repair Station. 01165_ K-01 Serf collects debris. 01174_ >G&TY=H2 QOP6EW= KW9EP<>6#D6,O 01205_ Critical hit (Burn: +37). Map ----- +----------------------------------------------------+ | ?????????????????????????????????????????????????? | | ?????????????????????????????????????????????????? | | ?????????????????????????????????????????????????? | | ?????????????????????????? ????????????????????? | | ???????????????????????""" #???????????????????? | | ?????????????????????? #???????????????????? | | ?????????????????????? #????? ?????????????? | | ????????????????????? ? #???????????????????? | | ????????????????????? ? #??????#????????????? | | ????????????????????????! #???????????????????? | | ????????????????? ???? ?! #+#?????????????????? | | ?????????????? ? ? ? ?? #?????????????????? | | ????????? ?????? ??????? ###???????????????? | | ?????????????##??? ?? ? / ###????# ?????????? | | ?????????????#??????#?#??# ? ??????????????? | | ????????????##??????#?#??# #??#???#??????????? | | ??????? ?????#?##?#####?## #????#????????????? | | ???????????#??????# #??# # ?"??????????????? | | ??????????????#?#?# #?## * #??? #????????????? | | ?????? ????##?????# #### # "???????????????? | | ?????"???#?######## # + ?? ????"????????? | | ?????" ?#?## T ## #^g^ #????#? ??"???????? | | ???????????# ## =!#^^""" #? ? ?# ??????????? | | ???????????# ##*=%# "R" #????#????????????? | | ????????#??#""" ###+##% " " #? ? #???""???????? | | ??????????##""" # [ != g@ #??#??#?""? ??????? | | ???????#???#""" + *! ###???? ?? ?#?????? | | ???????????# # #?##??? ??????????? | | ???????????#""" # #### # ?#? ?? ??????? | | ????? ?#???#""" # #?## # ##???????????? | | ????????#??#""" !#! !#??# + #??? ????????? | | ???????????# ##!=!!##??#% # ##??#????????? | | ???????????# #######?#?# + # ???? ??????? | | ???????????############??#?# # #????? #?????? | | ?????????????#???##??##????# # # ??"????????? | | ?????????????##???###??????# #? ? #????"???????? | | ??????????????#???##??#?#### # ? ?? ???????????? | | ??????????????##?#???###?### ######????????????? | | ????????????????#????##?#??# #????#????? ??????? | | ????????????#???#???##?????# ##?##? ???????????? | | ???????????#?#?#??##????#########?##????"??+?????? | | ????????????#?##??#????#??# ##???#?##?? ? ??#????? | | ????????????????????##?##?####?#????#????????????? | | ????????????????????#???##?#?#??#???#????#??#????? | | ??????????????##???#???##??????#?????#?#?##??????? | | | | | | | | | | | +----------------------------------------------------+ Best States ------------- Heat Dissipation 25 Energy Generation 10 Energy Capacity 125 Matter Stores 300 Matter Capacity 300 Sight Range 16 Terrain Scan Range 16 Terrain Scan Density 10 Evasion (%) 55 Recoil Reduction 1 Item Schematics ----------------- None Robot Schematics ------------------ None Fabricated ------------ Nothing Repaired ---------- Assault Rifle | 7% | -10/Materials Studied --------- None Alien Tech Used ----------------- None Achievements -------------- Fitting Room Challenges ------------ None Game ------ Seed CannonPartitionCompactor Manual? 0 Play Time 00:14:05 Cumulative 4.4 hours Start 2026.04.04 @ 10:45:27 End 2026.04.04 @ 11:02:40 Sessions 1 Manual Loads 0 Difficulty Rogue Special Mode None Game No. 9 Rogue 6 Adventurer 3 Explorer 0 Win Type - Total 0 Types 0/0/0/0/0/0/0/0/0/0 Lore% 3 Gallery% 7 Achievement% 9 Wizard Run 0 Options --------- Layout 2 ASCII 0 Keyboard 0 Movement Mouse Keybinds 0 Fullscreen 1 Font 32/SmallcapsGlow Map View 50x44 Zoom Use 0% Tactical HUD 1 Map Filters NONE Filters NONE Steam 1 RUN: 57ab7496-74bd-4b6f-8566-71e39db5fa04